RedWings vs Canadiens

Created - November 18, 2016 at 18:53

Goals
1 2 3 T
RedWings 1 0 2 3
Canadiens 2 2 0 4
Shots
1 2 3 T
RedWings 10 7 13 30
Canadiens 7 15 10 32

1st period

1. Canadiens , Josh Bailey 2 (Jordan Eberle, Teuvo Teravainen) at 5:27
2. RedWings , Andrew Cogliano 2 (Filip Forsberg, Tyler Toffoli) at 6:51 (PP)
3. Canadiens , Ian Cole 2 (Stephen Gionta, Valeri Nichushkin) at 16:48

Penalties :
Brayden McNabb (MTL) for Hooking (Minor) at 2:38, Josh Bailey (MTL) for Roughing (Minor) at 6:15, Eric Gryba (DET) for High sticking (Minor) at 18:28

2nd period

4. Canadiens , Teuvo Teravainen 3 (Cam Fowler, Jordan Eberle) at 1:07
5. Canadiens , Martin Hanzal 9 (Adam Larsson) at 6:06

Penalties :
Thomas Hickey (DET) for Elbowing (Minor) at 9:47

3rd period

6. RedWings , Sean Monahan 9 (David Pastrnak, Roberto Luongo) at 9:02 (PP)
7. RedWings , Sean Monahan 10 (David Pastrnak, Eric Gryba) at 18:59

Penalties :
Eric Gryba (DET) for Hooking (Minor) at 3:08, Filip Forsberg (DET) for Holding (Minor) at 5:18, Nick Shore (MTL) for Tripping (Minor) at 8:06, Ian Cole (MTL) for Tripping (Minor) at 12:50, Martin Hanzal (MTL) for Hooking (Minor) at 16:14

Goalie Stats

Roberto Luongo (DET), 28 saves from 32 shots - (0.875), L, 6-4-2, 59:18 minutes
Cam Talbot (MTL), 27 saves from 30 shots - (0.900), W, 10-5-0, 60:00 minutes

Players Stats for RedWings

Player Name              G  A  P  +/- PIM S  H  SB GA TA FO     MP     PP MP  PK MP  
------------------------------------------------------------------------------------
Andrew Campbell          0  0  0  -2  0   0  0  1  0  0  0/0    15:19   0:12   3:20 
Andrew Cogliano          1  0  1   0  0   2  0  0  0  0  1/2     9:36   4:29   2:02 
David Pastrnak           0  2  2   1  0   5  3  1  0  0  2/3    18:12   3:00   0:00 
Eric Gryba               0  1  1  -1  4   0  7  1  0  0  0/0    20:26   3:27   1:22 
Erik Haula               0  0  0  -2  0   1  1  0  0  0  3/7    14:33   0:00   5:00 
Filip Forsberg           0  1  1  -2  2   3  1  0  0  0  1/1    22:35   4:29   1:22 
Jonathan Drouin          0  0  0  -2  0   3  0  0  0  0  9/20   18:00   2:15   0:00 
Kevin Connauton          0  0  0  -2  0   0  1  0  0  0  0/0    17:04   0:00   0:09 
Loui Eriksson            0  0  0   1  0   3  1  0  0  0  1/1    15:58   0:00   0:46 
Micheal Ferland          0  0  0   0  0   0  1  1  0  0  0/0     3:05   0:00   0:00 
Mikhail Grabovski        0  0  0  -2  0   1  0  0  0  0  5/11    9:33   0:00   0:00 
Paul Martin              0  0  0   0  0   0  0  2  0  0  0/0    26:00   3:50   4:57 
Sam Gagner               0  0  0  -2  0   2  0  0  0  0  1/1    10:24   0:00   0:51 
Sean Monahan             2  0  2   1  0   5  0  0  0  0  15/28  24:23   3:00   5:11 
Thomas Hickey            0  0  0   0  2   1  2  3  0  0  0/0    20:48   3:27   2:15 
Tyler Toffoli            0  1  1  -2  0   2  0  1  0  0  3/10   21:14   4:29   0:00 
Vincent Lecavalier       0  0  0   0  0   1  1  0  0  0  2/3     4:30   0:45   0:40 
Zach Trotman             0  0  0  -1  0   1  4  1  0  0  0/0    20:20   4:02   3:49 

Players Stats for Canadiens

Player Name              G  A  P  +/- PIM S  H  SB GA TA FO     MP     PP MP  PK MP  
------------------------------------------------------------------------------------
Adam Larsson             0  1  1   1  0   1  5  4  0  0  0/0    24:54   3:08   4:11 
Brayden McNabb           0  0  0   1  2   0  3  0  0  0  0/0    13:31   0:00   0:00 
Cam Fowler               0  1  1   1  0   1  0  1  0  0  0/0    22:46   3:08   3:03 
Dale Weise               0  0  0   0  0   2  5  0  0  0  0/0    12:17   0:00   0:00 
Dan Girardi              0  0  0   1  0   0  6  0  0  0  0/0    23:35   4:48   4:19 
Ian Cole                 1  0  1   1  2   1  4  0  0  0  0/0    13:38   0:00   0:07 
Jakob Silfverberg        0  0  0   1  0   2  0  1  0  0  2/2    25:18   4:48   4:42 
Jordan Eberle            0  2  2   1  0   1  2  0  0  0  0/0    15:57   3:08   0:00 
Josh Bailey              1  0  1   1  2   2  1  1  0  0  0/0    18:28   3:08   2:32 
Justin Abdelkader        0  0  0   1  0   4  1  0  0  0  7/13   25:18   4:48   4:42 
Kyle Quincey             0  0  0   1  0   2  0  1  0  0  0/0    21:34   4:48   3:18 
Martin Hanzal            1  0  1   1  2   5  2  1  0  0  20/29  20:35   4:48   0:00 
Matt Moulson             0  0  0   1  0   1  0  0  0  0  0/0     3:41   0:00   0:00 
Nail Yakupov             0  0  0   0  0   2  0  0  0  0  0/1    12:32   0:00   0:15 
Nick Shore               0  0  0   0  2   2  2  0  0  0  8/16   12:16   0:00   0:00 
Stephen Gionta           0  1  1   1  0   2  0  0  0  0  1/5     3:56   0:00   0:15 
Teuvo Teravainen         1  1  2   1  0   3  2  0  0  0  6/21   18:29   3:08   2:32 
Valeri Nichushkin        0  1  1   1  0   1  0  0  0  0  0/0     3:41   0:00   0:00 

3 Stars

1 - Sean Monahan (DET)
2 - Teuvo Teravainen (MTL)
3 - David Pastrnak (DET)

Power Play

RedWings - 2 on 5 Attempt(s) - 40.00%
Canadiens - 0 on 4 Attempt(s) - 0.00%

Penalty Kill

RedWings - 4 on 4 Attempt(s) - 100.00% - Score 0 goal in Penalty Kill
Canadiens - 3 on 5 Attempt(s) - 60.00% - Score 0 goal in Penalty Kill

Team Stat

RedWings - Hits : 22 - Faceoff Wins : 43 - Blocked Shots : 11 - Penalty Minutes : 8
Canadiens - Hits : 33 - Faceoff Wins : 44 - Blocked Shots : 9 - Penalty Minutes : 10

Official

Referees : Chris Rooney and Greg Kimmerly
Linesman : Jonny Murray and Greg Devorski

Game Notes

No Game Note

Finance

Level 1 -- Attendance: 6267 (96.42%) -- Ticket Income $689,370
Level 2 -- Attendance: 5000 (100.00%) -- Ticket Income $375,000
Level 3 -- Attendance: 3000 (85.71%) -- Ticket Income $165,000
Level 4 -- Attendance: 2955 (55.89%) -- Ticket Income $103,425
Luxury Box -- Attendance: 986 (98.60%) -- Ticket Income $196,214
Game was played at the Bell Centre.
Total Attendance: 18208 (85.54%)
Total Ticket Income: $1,529,009
Other Income: $229,351
Total Income: $1,758,360

% Time on Ice - RedWings

Lines # - Real PCT - Wanted PCT - Time Play
Normal Forward
1 - 35% - 35% - 15:12
2 - 36% - 35% - 15:45
3 - 22% - 20% - 9:33
4 - 7% - 10% - 3:05
Normal Defense
1 - 33% - 40% - 14:11
2 - 37% - 30% - 16:05
3 - 26% - 20% - 11:17
4 - 5% - 10% - 2:02
PP Forward
1 - 60% - 60% - 4:29
2 - 40% - 40% - 3:00
PP Defense
1 - 54% - 60% - 4:02
2 - 46% - 40% - 3:27
PK Forward
1 - 74% - 60% - 5:54
2 - 26% - 40% - 2:02
PK Defense
1 - 53% - 60% - 4:14
2 - 47% - 40% - 3:42
PK3 Forward
1 - 0% - 60%
2 - 0% - 40%
PK3 Defense
1 - 0% - 60%
2 - 0% - 40%
44 Forward
1 - 0% - 60%
2 - 0% - 40%
44 Defense
1 - 0% - 60%
2 - 0% - 40%
Last Minute Offensive  - 1:00
Last Minute Defensive  - 0:00
Total
Forward - 60:00
Defense - 60:00

% Time on Ice - Canadiens

Lines # - Real PCT - Wanted PCT - Time Play
Normal Forward
1 - 34% - 35% - 14:48
2 - 29% - 30% - 12:49
3 - 28% - 25% - 12:17
4 - 8% - 10% - 3:41
Normal Defense
1 - 38% - 40% - 16:35
2 - 31% - 35% - 13:28
3 - 16% - 13% - 7:04
4 - 15% - 12% - 6:28
PP Forward
1 - 61% - 60% - 4:48
2 - 39% - 40% - 3:08
PP Defense
1 - 39% - 50% - 3:08
2 - 61% - 50% - 4:48
PK Forward
1 - 66% - 60% - 4:57
2 - 34% - 40% - 2:32
PK Defense
1 - 56% - 50% - 4:11
2 - 44% - 50% - 3:18
PK3 Forward
1 - 0% - 60%
2 - 0% - 40%
PK3 Defense
1 - 0% - 50%
2 - 0% - 50%
44 Forward
1 - 0% - 50%
2 - 0% - 50%
44 Defense
1 - 0% - 50%
2 - 0% - 50%
Last Minute Offensive  - 0:00
Last Minute Defensive  - 1:00
Total
Forward - 60:00
Defense - 60:00

Play by Play

1st period


0:01 of 1st period - Sean Monahan wins face-off versus Martin Hanzal in neutral zone.
0:26 of 1st period - Shot by Loui Eriksson.
0:26 of 1st period - Shot Blocked by Adam Larsson.
0:28 of 1st period - Shot by Paul Martin.
0:28 of 1st period - Shot Misses the Net.
0:30 of 1st period - Shot by Loui Eriksson.
0:30 of 1st period - Stopped by Cam Talbot with a rebound.
0:32 of 1st period - Shot by Thomas Hickey.
0:32 of 1st period - Shot Blocked by Adam Larsson.
0:44 of 1st period - Shot by Loui Eriksson.
0:44 of 1st period - Shot Blocked by Martin Hanzal.
1:07 of 1st period - Shot by Filip Forsberg.
1:07 of 1st period - Shot Misses the Net.
1:09 of 1st period - Shot by Filip Forsberg.
1:09 of 1st period - Deflect By Jonathan Drouin.
1:09 of 1st period - Stopped by Cam Talbot with a rebound.
1:11 of 1st period - Shot by Jonathan Drouin.
1:11 of 1st period - Shot Misses the Net.
1:13 of 1st period - Shot by Tyler Toffoli.
1:13 of 1st period - Shot Misses the Net.
1:33 of 1st period - Shot by Josh Bailey.
1:33 of 1st period - Stopped by Roberto Luongo with a rebound.
1:35 of 1st period - Shot by Jordan Eberle.
1:35 of 1st period - Shot Misses the Net.
1:48 of 1st period - Icing by Eric Gryba.
1:49 of 1st period - Nick Shore wins face-off versus Jonathan Drouin in RedWings zone.
2:01 of 1st period - Tyler Toffoli is hit by Dale Weise and loses puck.
2:38 of 1st period - Minor Penalty to Brayden McNabb for Hooking.
2:39 of 1st period - Justin Abdelkader wins face-off versus Sean Monahan in Canadiens zone.
2:39 of 1st period - Justin Abdelkader is hit by Vincent Lecavalier.
5:21 of 1st period - Icing by Kevin Connauton.
5:22 of 1st period - Teuvo Teravainen wins face-off versus Mikhail Grabovski in RedWings zone.
5:27 of 1st period - Shot by Josh Bailey.
5:27 of 1st period - Goal by Josh Bailey - RedWings : 0 - Canadiens : 1.
5:28 of 1st period - Sean Monahan wins face-off versus Teuvo Teravainen in neutral zone.
5:47 of 1st period - Shot by Josh Bailey.
5:47 of 1st period - Shot Blocked by Paul Martin.
6:02 of 1st period - Shot by Teuvo Teravainen.
6:02 of 1st period - Shot Blocked by David Pastrnak.
6:15 of 1st period - Minor Penalty to Josh Bailey for Roughing.
6:16 of 1st period - Justin Abdelkader wins face-off versus Tyler Toffoli in Canadiens zone.
6:49 of 1st period - Shot by Andrew Cogliano.
6:49 of 1st period - Shot Misses the Net.
6:51 of 1st period - Shot by Andrew Cogliano.
6:51 of 1st period - Goal by Andrew Cogliano - RedWings : 1 - Canadiens : 1.
6:52 of 1st period - Nick Shore wins face-off versus Mikhail Grabovski in neutral zone.
7:10 of 1st period - Off-side.
7:11 of 1st period - Teuvo Teravainen wins face-off versus Sean Monahan in neutral zone.
7:45 of 1st period - Shot by David Pastrnak.
7:45 of 1st period - Shot Blocked by Josh Bailey.
7:47 of 1st period - Shot by Sean Monahan.
7:47 of 1st period - Shot Blocked by Kyle Quincey.
9:06 of 1st period - Shot by Nail Yakupov.
9:06 of 1st period - Stopped by Roberto Luongo without a rebound.
9:07 of 1st period - Mikhail Grabovski wins face-off versus Nick Shore in RedWings zone.
9:07 of 1st period - Mikhail Grabovski is hit by Nick Shore.
9:14 of 1st period - Paul Martin is hit by Adam Larsson.
9:18 of 1st period - Shot by Sam Gagner.
9:18 of 1st period - Shot Misses the Net.
9:20 of 1st period - Shot by Paul Martin.
9:20 of 1st period - Shot Blocked by Adam Larsson.
9:23 of 1st period - Mikhail Grabovski is hit by Adam Larsson and loses puck.
9:45 of 1st period - Erik Haula is hit by Adam Larsson.
10:33 of 1st period - Sean Monahan is hit by Dan Girardi and loses puck.
10:36 of 1st period - Shot by David Pastrnak.
10:36 of 1st period - Stopped by Cam Talbot without a rebound.
10:37 of 1st period - Martin Hanzal wins face-off versus Jonathan Drouin in Canadiens zone.
11:20 of 1st period - Shot by Jonathan Drouin.
11:20 of 1st period - Stopped by Cam Talbot with a rebound.
11:38 of 1st period - Shot by Sean Monahan.
11:38 of 1st period - Stopped by Cam Talbot without a rebound.
11:39 of 1st period - Nick Shore wins face-off versus Vincent Lecavalier in Canadiens zone.
11:39 of 1st period - Dale Weise is hit by Micheal Ferland and loses puck.
12:01 of 1st period - Nick Shore is hit by Zach Trotman and loses puck.
12:13 of 1st period - Nail Yakupov is hit by Zach Trotman and loses puck.
12:38 of 1st period - Shot by Jordan Eberle.
12:38 of 1st period - Shot Misses the Net.
12:48 of 1st period - Shot by Adam Larsson.
12:48 of 1st period - Shot Misses the Net.
13:02 of 1st period - Shot by Teuvo Teravainen.
13:02 of 1st period - Shot Misses the Net.
13:04 of 1st period - Shot by Jordan Eberle.
13:04 of 1st period - Shot Blocked by Micheal Ferland.
13:06 of 1st period - Shot by Cam Fowler.
13:06 of 1st period - Stopped by Roberto Luongo without a rebound.
13:07 of 1st period - David Pastrnak wins face-off versus Stephen Gionta in RedWings zone.
13:18 of 1st period - Shot by Loui Eriksson.
13:18 of 1st period - Stopped by Cam Talbot without a rebound.
13:19 of 1st period - Jonathan Drouin wins face-off versus Martin Hanzal in Canadiens zone.
13:26 of 1st period - Shot by Tyler Toffoli.
13:26 of 1st period - Shot Hit the Post.
13:28 of 1st period - Shot by Jonathan Drouin.
13:28 of 1st period - Shot Misses the Net.
13:30 of 1st period - Shot by Tyler Toffoli.
13:30 of 1st period - Stopped by Cam Talbot without a rebound.
13:31 of 1st period - Sean Monahan wins face-off versus Nick Shore in Canadiens zone.
13:32 of 1st period - Shot by Loui Eriksson.
13:32 of 1st period - Stopped by Cam Talbot without a rebound.
13:33 of 1st period - Martin Hanzal wins face-off versus Sean Monahan in Canadiens zone.
13:33 of 1st period - Martin Hanzal is hit by Eric Gryba.
13:45 of 1st period - Shot by Jakob Silfverberg.
13:45 of 1st period - Stopped by Roberto Luongo without a rebound.
13:46 of 1st period - Jonathan Drouin wins face-off versus Nick Shore in RedWings zone.
13:46 of 1st period - Jonathan Drouin is hit by Nick Shore.
14:29 of 1st period - Icing by Eric Gryba.
14:30 of 1st period - Martin Hanzal wins face-off versus Jonathan Drouin in RedWings zone.
14:36 of 1st period - Icing by Tyler Toffoli.
14:37 of 1st period - Martin Hanzal wins face-off versus Jonathan Drouin in RedWings zone.
14:37 of 1st period - Martin Hanzal is hit by Eric Gryba.
14:50 of 1st period - Jakob Silfverberg is hit by Eric Gryba and loses puck.
15:26 of 1st period - Shot by David Pastrnak.
15:26 of 1st period - Shot Misses the Net.
15:38 of 1st period - Shot by David Pastrnak.
15:38 of 1st period - Stopped by Cam Talbot without a rebound.
15:39 of 1st period - Sam Gagner wins face-off versus Teuvo Teravainen in Canadiens zone.
16:18 of 1st period - Shot by Teuvo Teravainen.
16:18 of 1st period - Shot Blocked by Andrew Campbell.
16:20 of 1st period - Shot by Teuvo Teravainen.
16:20 of 1st period - Shot Misses the Net.
16:46 of 1st period - Shot by Stephen Gionta.
16:46 of 1st period - Shot Misses the Net.
16:48 of 1st period - Shot by Ian Cole.
16:48 of 1st period - Goal by Ian Cole - RedWings : 1 - Canadiens : 2.
16:49 of 1st period - Sean Monahan wins face-off versus Nick Shore in neutral zone.
17:10 of 1st period - Kyle Quincey is hit by Loui Eriksson and loses puck.
17:52 of 1st period - Shot by Martin Hanzal.
17:52 of 1st period - Stopped by Roberto Luongo without a rebound.
17:53 of 1st period - Martin Hanzal wins face-off versus Jonathan Drouin in RedWings zone.
17:53 of 1st period - Martin Hanzal is hit by Eric Gryba.
17:58 of 1st period - Martin Hanzal is hit by Eric Gryba and loses puck.
18:28 of 1st period - Minor Penalty to Eric Gryba for High sticking.
18:29 of 1st period - Erik Haula wins face-off versus Teuvo Teravainen in RedWings zone.
19:13 of 1st period - Icing by Adam Larsson.
19:14 of 1st period - Teuvo Teravainen wins face-off versus Andrew Cogliano in Canadiens zone.
19:58 of 1st period - Kyle Quincey is hit by Kevin Connauton and loses puck.
Goals for this period are 1 for RedWings vs 2 for Canadiens.
Shots for this period are 10 for RedWings vs 7 for Canadiens.

2nd period


0:01 of 2nd period - Martin Hanzal wins face-off versus Erik Haula in neutral zone.
0:53 of 2nd period - Shot by Josh Bailey.
0:53 of 2nd period - Shot Misses the Net.
0:59 of 2nd period - Shot by Teuvo Teravainen.
0:59 of 2nd period - Stopped by Roberto Luongo with a rebound.
1:07 of 2nd period - Shot by Teuvo Teravainen.
1:07 of 2nd period - Goal by Teuvo Teravainen - RedWings : 1 - Canadiens : 3.
1:08 of 2nd period - Martin Hanzal wins face-off versus Sean Monahan in neutral zone.
1:18 of 2nd period - Shot by Jakob Silfverberg.
1:18 of 2nd period - Shot Misses the Net.
1:20 of 2nd period - Shot by Jakob Silfverberg.
1:20 of 2nd period - Shot Misses the Net.
1:22 of 2nd period - Shot by Martin Hanzal.
1:22 of 2nd period - Stopped by Roberto Luongo without a rebound.
1:23 of 2nd period - Mikhail Grabovski wins face-off versus Stephen Gionta in RedWings zone.
1:38 of 2nd period - Shot by Sam Gagner.
1:38 of 2nd period - Stopped by Cam Talbot without a rebound.
1:39 of 2nd period - Jakob Silfverberg wins face-off versus Sean Monahan in Canadiens zone.
1:48 of 2nd period - Shot by Jakob Silfverberg.
1:48 of 2nd period - Shot Misses the Net.
2:06 of 2nd period - Shot by David Pastrnak.
2:06 of 2nd period - Stopped by Cam Talbot without a rebound.
2:07 of 2nd period - Jonathan Drouin wins face-off versus Teuvo Teravainen in Canadiens zone.
2:21 of 2nd period - Filip Forsberg is hit by Dan Girardi and loses puck.
2:27 of 2nd period - Tyler Toffoli is hit by Dan Girardi and loses puck.
3:29 of 2nd period - Shot by David Pastrnak.
3:29 of 2nd period - Deflect By Sean Monahan.
3:29 of 2nd period - Shot Misses the Net.
3:31 of 2nd period - Shot by David Pastrnak.
3:31 of 2nd period - Shot Blocked by Adam Larsson.
4:28 of 2nd period - Shot by Nail Yakupov.
4:28 of 2nd period - Stopped by Roberto Luongo with a rebound.
4:30 of 2nd period - Shot by Nail Yakupov.
4:30 of 2nd period - Shot Misses the Net.
4:32 of 2nd period - Shot by Nick Shore.
4:32 of 2nd period - Stopped by Roberto Luongo without a rebound.
4:33 of 2nd period - Vincent Lecavalier wins face-off versus Teuvo Teravainen in RedWings zone.
4:48 of 2nd period - Shot by Jordan Eberle.
4:48 of 2nd period - Shot Misses the Net.
4:54 of 2nd period - Shot by Vincent Lecavalier.
4:54 of 2nd period - Stopped by Cam Talbot with a rebound.
4:56 of 2nd period - Shot by Andrew Cogliano.
4:56 of 2nd period - Stopped by Cam Talbot with a rebound.
5:17 of 2nd period - Icing by Dan Girardi.
5:18 of 2nd period - Jonathan Drouin wins face-off versus Teuvo Teravainen in Canadiens zone.
5:31 of 2nd period - Shot by Tyler Toffoli.
5:31 of 2nd period - Shot Misses the Net.
5:33 of 2nd period - Shot by Filip Forsberg.
5:33 of 2nd period - Stopped by Cam Talbot without a rebound.
5:34 of 2nd period - Nick Shore wins face-off versus Sean Monahan in Canadiens zone.
5:50 of 2nd period - Off-side.
5:51 of 2nd period - Martin Hanzal wins face-off versus Jonathan Drouin in neutral zone.
6:06 of 2nd period - Shot by Martin Hanzal.
6:06 of 2nd period - Goal by Martin Hanzal - RedWings : 1 - Canadiens : 4.
6:07 of 2nd period - Sean Monahan wins face-off versus Nick Shore in neutral zone.
6:11 of 2nd period - Off-side.
6:12 of 2nd period - Sean Monahan wins face-off versus Nick Shore in neutral zone.
6:12 of 2nd period - Loui Eriksson is hit by Dale Weise and loses puck.
6:19 of 2nd period - Shot by Nail Yakupov.
6:19 of 2nd period - Shot Misses the Net.
6:23 of 2nd period - Shot by Nick Shore.
6:23 of 2nd period - Stopped by Roberto Luongo without a rebound.
6:24 of 2nd period - Martin Hanzal wins face-off versus Jonathan Drouin in RedWings zone.
6:25 of 2nd period - Shot by Jakob Silfverberg.
6:25 of 2nd period - Deflect By Martin Hanzal.
6:25 of 2nd period - Shot Blocked by Tyler Toffoli.
6:33 of 2nd period - Shot by Justin Abdelkader.
6:33 of 2nd period - Stopped by Roberto Luongo without a rebound.
6:34 of 2nd period - Sean Monahan wins face-off versus Nail Yakupov in RedWings zone.
6:34 of 2nd period - Sean Monahan is hit by Dale Weise.
6:40 of 2nd period - Shot by Sean Monahan.
6:40 of 2nd period - Shot Misses the Net.
6:55 of 2nd period - Paul Martin is hit by Adam Larsson and loses puck.
7:22 of 2nd period - Icing by Loui Eriksson.
7:23 of 2nd period - Martin Hanzal wins face-off versus Sean Monahan in RedWings zone.
7:37 of 2nd period - Off-side.
7:38 of 2nd period - Teuvo Teravainen wins face-off versus Jonathan Drouin in neutral zone.
7:51 of 2nd period - Shot by Jordan Eberle.
7:51 of 2nd period - Stopped by Roberto Luongo without a rebound.
7:52 of 2nd period - Stephen Gionta wins face-off versus Erik Haula in RedWings zone.
7:53 of 2nd period - Shot by Matt Moulson.
7:53 of 2nd period - Shot Misses the Net.
7:55 of 2nd period - Shot by Stephen Gionta.
7:55 of 2nd period - Shot Misses the Net.
7:57 of 2nd period - Shot by Stephen Gionta.
7:57 of 2nd period - Stopped by Roberto Luongo without a rebound.
7:58 of 2nd period - Jonathan Drouin wins face-off versus Martin Hanzal in RedWings zone.
7:58 of 2nd period - Tyler Toffoli is hit by Martin Hanzal and loses puck.
8:25 of 2nd period - Shot by Jakob Silfverberg.
8:25 of 2nd period - Shot Misses the Net.
8:27 of 2nd period - Shot by Martin Hanzal.
8:27 of 2nd period - Shot Misses the Net.
8:46 of 2nd period - Icing by Tyler Toffoli.
8:47 of 2nd period - Jonathan Drouin wins face-off versus Teuvo Teravainen in RedWings zone.
8:47 of 2nd period - Jonathan Drouin is hit by Jordan Eberle.
9:01 of 2nd period - Jordan Eberle is hit by Eric Gryba and loses puck.
9:04 of 2nd period - Shot by Cam Fowler.
9:04 of 2nd period - Shot Blocked by Eric Gryba.
9:47 of 2nd period - Minor Penalty to Thomas Hickey for Elbowing.
9:48 of 2nd period - Martin Hanzal wins face-off versus Sean Monahan in RedWings zone.
10:23 of 2nd period - Icing by Martin Hanzal.
10:24 of 2nd period - Martin Hanzal wins face-off versus Erik Haula in Canadiens zone.
10:26 of 2nd period - Icing by Justin Abdelkader.
10:27 of 2nd period - Erik Haula wins face-off versus Martin Hanzal in Canadiens zone.
12:05 of 2nd period - Shot by Tyler Toffoli.
12:05 of 2nd period - Shot Misses the Net.
12:13 of 2nd period - Filip Forsberg is hit by Dale Weise.
12:21 of 2nd period - Shot by Tyler Toffoli.
12:21 of 2nd period - Stopped by Cam Talbot without a rebound.
12:22 of 2nd period - Vincent Lecavalier wins face-off versus Stephen Gionta in Canadiens zone.
12:51 of 2nd period - Shot by Stephen Gionta.
12:51 of 2nd period - Stopped by Roberto Luongo without a rebound.
12:52 of 2nd period - Martin Hanzal wins face-off versus Jonathan Drouin in RedWings zone.
12:52 of 2nd period - Martin Hanzal is hit by Eric Gryba.
13:05 of 2nd period - Shot by Jonathan Drouin.
13:05 of 2nd period - Shot Misses the Net.
13:23 of 2nd period - Icing by Filip Forsberg.
13:24 of 2nd period - Jonathan Drouin wins face-off versus Teuvo Teravainen in RedWings zone.
13:54 of 2nd period - Icing by Ian Cole.
13:55 of 2nd period - Sean Monahan wins face-off versus Teuvo Teravainen in Canadiens zone.
14:06 of 2nd period - Shot by Loui Eriksson.
14:06 of 2nd period - Shot Misses the Net.
14:12 of 2nd period - Shot by David Pastrnak.
14:12 of 2nd period - Shot Misses the Net.
14:28 of 2nd period - Shot by Martin Hanzal.
14:28 of 2nd period - Stopped by Roberto Luongo without a rebound.
14:29 of 2nd period - Martin Hanzal wins face-off versus Mikhail Grabovski in RedWings zone.
14:57 of 2nd period - Shot by Erik Haula.
14:57 of 2nd period - Shot Misses the Net.
14:59 of 2nd period - Shot by Zach Trotman.
14:59 of 2nd period - Shot Misses the Net.
15:01 of 2nd period - Shot by Zach Trotman.
15:01 of 2nd period - Deflect By Mikhail Grabovski.
15:01 of 2nd period - Shot Misses the Net.
15:09 of 2nd period - Shot by Sam Gagner.
15:09 of 2nd period - Deflect By Erik Haula.
15:09 of 2nd period - Shot Misses the Net.
16:04 of 2nd period - Icing by Kevin Connauton.
16:05 of 2nd period - Jonathan Drouin wins face-off versus Teuvo Teravainen in RedWings zone.
16:18 of 2nd period - Sean Monahan is hit by Jordan Eberle and loses puck.
16:34 of 2nd period - Paul Martin is hit by Teuvo Teravainen and loses puck.
16:44 of 2nd period - Jordan Eberle is hit by Thomas Hickey and loses puck.
16:57 of 2nd period - Shot by Adam Larsson.
16:57 of 2nd period - Deflect By Stephen Gionta.
16:57 of 2nd period - Shot Blocked by Thomas Hickey.
16:59 of 2nd period - Shot by Adam Larsson.
16:59 of 2nd period - Deflect By Valeri Nichushkin.
16:59 of 2nd period - Shot Blocked by Thomas Hickey.
17:18 of 2nd period - Shot by Adam Larsson.
17:18 of 2nd period - Shot Misses the Net.
17:20 of 2nd period - Shot by Adam Larsson.
17:20 of 2nd period - Shot Blocked by Thomas Hickey.
17:22 of 2nd period - Shot by Adam Larsson.
17:22 of 2nd period - Deflect By Valeri Nichushkin.
17:22 of 2nd period - Stopped by Roberto Luongo without a rebound.
17:23 of 2nd period - Martin Hanzal wins face-off versus Mikhail Grabovski in RedWings zone.
17:24 of 2nd period - Shot by Justin Abdelkader.
17:24 of 2nd period - Stopped by Roberto Luongo without a rebound.
17:25 of 2nd period - Martin Hanzal wins face-off versus Mikhail Grabovski in RedWings zone.
17:26 of 2nd period - Shot by Jakob Silfverberg.
17:26 of 2nd period - Shot Misses the Net.
17:28 of 2nd period - Shot by Dan Girardi.
17:28 of 2nd period - Shot Blocked by Zach Trotman.
17:30 of 2nd period - Shot by Jakob Silfverberg.
17:30 of 2nd period - Shot Misses the Net.
17:32 of 2nd period - Shot by Jakob Silfverberg.
17:32 of 2nd period - Shot Misses the Net.
17:40 of 2nd period - Shot by Martin Hanzal.
17:40 of 2nd period - Stopped by Roberto Luongo without a rebound.
17:41 of 2nd period - Nick Shore wins face-off versus Tyler Toffoli in RedWings zone.
18:02 of 2nd period - Shot by Nail Yakupov.
18:02 of 2nd period - Shot Misses the Net.
18:38 of 2nd period - Filip Forsberg is hit by Dan Girardi and loses puck.
18:57 of 2nd period - Kevin Connauton is hit by Martin Hanzal and loses puck.
19:27 of 2nd period - Icing by Brayden McNabb.
19:28 of 2nd period - Teuvo Teravainen wins face-off versus Sean Monahan in Canadiens zone.
19:51 of 2nd period - Shot by Sean Monahan.
19:51 of 2nd period - Stopped by Cam Talbot with a rebound.
Goals for this period are 0 for RedWings vs 2 for Canadiens.
Shots for this period are 7 for RedWings vs 15 for Canadiens.

3rd period


0:01 of 3rd period - Sean Monahan wins face-off versus Martin Hanzal in neutral zone.
0:07 of 3rd period - Icing by Kyle Quincey.
0:08 of 3rd period - Sean Monahan wins face-off versus Martin Hanzal in Canadiens zone.
0:08 of 3rd period - Loui Eriksson is hit by Dan Girardi and loses puck.
0:47 of 3rd period - Jakob Silfverberg is hit by Thomas Hickey and loses puck.
0:50 of 3rd period - Shot by Jakob Silfverberg.
0:50 of 3rd period - Shot Misses the Net.
0:52 of 3rd period - Shot by Jakob Silfverberg.
0:52 of 3rd period - Shot Blocked by Paul Martin.
1:04 of 3rd period - Cam Fowler is hit by David Pastrnak and loses puck.
1:15 of 3rd period - Shot by Sam Gagner.
1:15 of 3rd period - Stopped by Cam Talbot without a rebound.
1:16 of 3rd period - Mikhail Grabovski wins face-off versus Teuvo Teravainen in Canadiens zone.
1:23 of 3rd period - Shot by Erik Haula.
1:23 of 3rd period - Stopped by Cam Talbot with a rebound.
1:39 of 3rd period - Shot by Jordan Eberle.
1:39 of 3rd period - Shot Misses the Net.
2:20 of 3rd period - Dale Weise is hit by Zach Trotman.
2:26 of 3rd period - Shot by Dale Weise.
2:26 of 3rd period - Stopped by Roberto Luongo without a rebound.
2:27 of 3rd period - Jakob Silfverberg wins face-off versus Jonathan Drouin in RedWings zone.
2:28 of 3rd period - Shot by Justin Abdelkader.
2:28 of 3rd period - Stopped by Roberto Luongo without a rebound.
2:29 of 3rd period - David Pastrnak wins face-off versus Martin Hanzal in RedWings zone.
2:44 of 3rd period - Shot by Justin Abdelkader.
2:44 of 3rd period - Stopped by Roberto Luongo without a rebound.
2:45 of 3rd period - Nick Shore wins face-off versus Tyler Toffoli in RedWings zone.
3:08 of 3rd period - Minor Penalty to Eric Gryba for Hooking.
3:09 of 3rd period - Martin Hanzal wins face-off versus Erik Haula in RedWings zone.
3:10 of 3rd period - Shot by Kyle Quincey.
3:10 of 3rd period - Stopped by Roberto Luongo with a rebound.
3:12 of 3rd period - Shot by Kyle Quincey.
3:12 of 3rd period - Stopped by Roberto Luongo without a rebound.
3:13 of 3rd period - Sean Monahan wins face-off versus Martin Hanzal in RedWings zone.
3:33 of 3rd period - Icing by Martin Hanzal.
3:34 of 3rd period - Erik Haula wins face-off versus Justin Abdelkader in Canadiens zone.
4:06 of 3rd period - Shot by Justin Abdelkader.
4:06 of 3rd period - Shot Misses the Net.
4:22 of 3rd period - Shot by Jordan Eberle.
4:22 of 3rd period - Shot Misses the Net.
4:30 of 3rd period - Shot by Adam Larsson.
4:30 of 3rd period - Stopped by Roberto Luongo without a rebound.
4:31 of 3rd period - Andrew Cogliano wins face-off versus Teuvo Teravainen in RedWings zone.
4:46 of 3rd period - Andrew Cogliano is hit by Josh Bailey and loses puck.
5:18 of 3rd period - Minor Penalty to Filip Forsberg for Holding.
5:19 of 3rd period - Sean Monahan wins face-off versus Martin Hanzal in RedWings zone.
6:07 of 3rd period - Sam Gagner is hit by Dan Girardi and loses puck.
6:51 of 3rd period - Vincent Lecavalier is hit by Teuvo Teravainen and loses puck.
7:21 of 3rd period - Tyler Toffoli is hit by Ian Cole and loses puck.
7:25 of 3rd period - Tyler Toffoli is hit by Brayden McNabb and loses puck.
7:35 of 3rd period - Tyler Toffoli is hit by Ian Cole and loses puck.
7:43 of 3rd period - Icing by Brayden McNabb.
7:44 of 3rd period - Nick Shore wins face-off versus Mikhail Grabovski in Canadiens zone.
8:04 of 3rd period - Nick Shore is hit by Zach Trotman and loses puck.
8:06 of 3rd period - Minor Penalty to Nick Shore for Tripping.
8:07 of 3rd period - Tyler Toffoli wins face-off versus Justin Abdelkader in Canadiens zone.
8:28 of 3rd period - Shot by Filip Forsberg.
8:28 of 3rd period - Shot Misses the Net.
8:30 of 3rd period - Shot by Tyler Toffoli.
8:30 of 3rd period - Shot Misses the Net.
9:02 of 3rd period - Shot by Sean Monahan.
9:02 of 3rd period - Goal by Sean Monahan - RedWings : 2 - Canadiens : 4.
9:03 of 3rd period - Mikhail Grabovski wins face-off versus Stephen Gionta in neutral zone.
9:05 of 3rd period - Erik Haula is hit by Ian Cole and loses puck.
9:22 of 3rd period - Shot by Mikhail Grabovski.
9:22 of 3rd period - Stopped by Cam Talbot without a rebound.
9:23 of 3rd period - Teuvo Teravainen wins face-off versus Sean Monahan in Canadiens zone.
9:32 of 3rd period - Off-side.
9:33 of 3rd period - Jonathan Drouin wins face-off versus Nick Shore in neutral zone.
9:39 of 3rd period - Filip Forsberg is hit by Ian Cole and loses puck.
9:43 of 3rd period - Icing by Ian Cole.
9:44 of 3rd period - Nick Shore wins face-off versus David Pastrnak in Canadiens zone.
9:56 of 3rd period - Shot by David Pastrnak.
9:56 of 3rd period - Stopped by Cam Talbot without a rebound.
9:57 of 3rd period - Martin Hanzal wins face-off versus Jonathan Drouin in Canadiens zone.
10:09 of 3rd period - Tyler Toffoli is hit by Adam Larsson and loses puck.
11:44 of 3rd period - Off-side.
11:45 of 3rd period - Mikhail Grabovski wins face-off versus Nick Shore in neutral zone.
11:55 of 3rd period - Sam Gagner is hit by Brayden McNabb and loses puck.
12:41 of 3rd period - Tyler Toffoli is hit by Dale Weise.
12:46 of 3rd period - Jonathan Drouin is hit by Brayden McNabb and loses puck.
12:50 of 3rd period - Minor Penalty to Ian Cole for Tripping.
12:51 of 3rd period - Justin Abdelkader wins face-off versus Sean Monahan in Canadiens zone.
12:51 of 3rd period - Justin Abdelkader is hit by David Pastrnak.
13:06 of 3rd period - Dan Girardi is hit by David Pastrnak and loses puck.
13:19 of 3rd period - Shot by Sean Monahan.
13:19 of 3rd period - Shot Misses the Net.
13:21 of 3rd period - Shot by Zach Trotman.
13:21 of 3rd period - Stopped by Cam Talbot without a rebound.
13:22 of 3rd period - Tyler Toffoli wins face-off versus Justin Abdelkader in Canadiens zone.
13:37 of 3rd period - Shot by Thomas Hickey.
13:37 of 3rd period - Shot Hit the Post.
13:39 of 3rd period - Shot by Thomas Hickey.
13:39 of 3rd period - Stopped by Cam Talbot with a rebound.
13:59 of 3rd period - Shot by Thomas Hickey.
13:59 of 3rd period - Shot Misses the Net.
14:01 of 3rd period - Shot by Filip Forsberg.
14:01 of 3rd period - Stopped by Cam Talbot without a rebound.
14:02 of 3rd period - Justin Abdelkader wins face-off versus Sean Monahan in Canadiens zone.
14:07 of 3rd period - Paul Martin is hit by Justin Abdelkader and loses puck.
14:28 of 3rd period - Shot by Teuvo Teravainen.
14:28 of 3rd period - Stopped by Roberto Luongo without a rebound.
14:29 of 3rd period - Filip Forsberg wins face-off versus Justin Abdelkader in RedWings zone.
14:50 of 3rd period - Adam Larsson is hit by Erik Haula and loses puck.
15:23 of 3rd period - Shot by Matt Moulson.
15:23 of 3rd period - Stopped by Roberto Luongo without a rebound.
15:24 of 3rd period - Sean Monahan wins face-off versus Teuvo Teravainen in RedWings zone.
15:33 of 3rd period - Shot by Jordan Eberle.
15:33 of 3rd period - Shot Misses the Net.
16:14 of 3rd period - Minor Penalty to Martin Hanzal for Hooking.
16:15 of 3rd period - Justin Abdelkader wins face-off versus Tyler Toffoli in Canadiens zone.
17:08 of 3rd period - Shot by Jakob Silfverberg.
17:08 of 3rd period - Stopped by Roberto Luongo without a rebound.
17:09 of 3rd period - Sean Monahan wins face-off versus Teuvo Teravainen in RedWings zone.
17:16 of 3rd period - Shot by Thomas Hickey.
17:16 of 3rd period - Shot Blocked by Cam Fowler.
17:18 of 3rd period - Shot by Thomas Hickey.
17:18 of 3rd period - Shot Misses the Net.
17:32 of 3rd period - Shot by David Pastrnak.
17:32 of 3rd period - Stopped by Cam Talbot without a rebound.
17:33 of 3rd period - Sean Monahan wins face-off versus Justin Abdelkader in Canadiens zone.
17:40 of 3rd period - Shot by Jonathan Drouin.
17:40 of 3rd period - Stopped by Cam Talbot with a rebound.
17:48 of 3rd period - Shot by Sean Monahan.
17:48 of 3rd period - Stopped by Cam Talbot without a rebound.
17:49 of 3rd period - Tyler Toffoli wins face-off versus Justin Abdelkader in Canadiens zone.
18:00 of 3rd period - Shot by Filip Forsberg.
18:00 of 3rd period - Stopped by Cam Talbot without a rebound.
18:01 of 3rd period - Justin Abdelkader wins face-off versus Tyler Toffoli in Canadiens zone.
18:38 of 3rd period - Shot by Dale Weise.
18:38 of 3rd period - Stopped by Roberto Luongo without a rebound.
18:39 of 3rd period - Loui Eriksson wins face-off versus Teuvo Teravainen in RedWings zone.
18:59 of 3rd period - Shot by Sean Monahan.
18:59 of 3rd period - Goal by Sean Monahan - RedWings : 3 - Canadiens : 4.
19:00 of 3rd period - Justin Abdelkader wins face-off versus Tyler Toffoli in neutral zone.
19:00 of 3rd period - Justin Abdelkader is hit by Filip Forsberg.
19:10 of 3rd period - Shot by Justin Abdelkader.
19:10 of 3rd period - Shot Misses the Net.
19:18 of 3rd period - RedWings, Roberto Luongo is pulled from the net.
19:20 of 3rd period - Shot by Tyler Toffoli.
19:20 of 3rd period - Shot Blocked by Jakob Silfverberg.
19:25 of 3rd period - Icing by Dan Girardi.
19:26 of 3rd period - Martin Hanzal wins face-off versus Tyler Toffoli in Canadiens zone.
19:30 of 3rd period - Off-side.
19:31 of 3rd period - Martin Hanzal wins face-off versus Sean Monahan in neutral zone.
19:48 of 3rd period - Shot by Martin Hanzal.
19:48 of 3rd period - Deflect By Jakob Silfverberg.
19:48 of 3rd period - Shot Misses the Net.
Goals for this period are 2 for RedWings vs 0 for Canadiens.
Shots for this period are 13 for RedWings vs 10 for Canadiens.